AoeStats
← Fries

Arena

510129169Analyzed
4v4 RM · 3d ago on Sep 29, 2026· 102m 27s· 8 players
Game mode
Random Map
Map size
Large (8 player)
Population
200
Speed
Normal
Resources
Standard
Victory
Conquest
Starting age
Dark Age
Ending age
Imperial Age
RankedLock teamsTeams togetherTeam positionsShared explorationLock speedFull tech treeHidden civsTurbo modeCheats
Victory
Defeat
🇰🇿 Bengalis · Kazakhstan
1681
+15
🇷🇺 Danes · Russia
1665
+16
🇦🇲 Wei · Armenia
1604
+18
🇷🇺 Tupi · Russia
1582
+19
🇨🇿 Celts · Czechia
1737
-20
🇹🇼 Japanese · Taiwan
1681
-18
1607
-15
🇹🇼 Persians · Taiwan
1598
-15
再吵去東湖框你媽出場
10:47 Feudal Age
14:48 Castle Age
12:43 Double-Bit Axe
13:31 Horse Collar
16:03 Bow Saw
15:56 Heavy Plow
21:17 Wheelbarrow
20:57 Loom
25:50 Hand Cart
30:00 Imperial Age
27:23 Town Watch
27:58 Stone Mining
28:01 Gold Mining
28:53 Padded Archer Armor
28:36 Treadmill Crane
29:08 Fortified Wall
30:52 Gold Shaft Mining
30:43 Leather Archer Armor
32:28 Ballistics
32:31 Artillery
33:01 Bombard Tower
33:45 Two-Man Saw
33:18 Conscription
33:47 Ring Archer Armor
33:02 Elite Janissary
34:19 Hoardings
33:41 Fletching
34:21 Masonry
34:53 Bloodlines
35:27 Heavy Camel Rider
37:37 Architecture
37:03 Murder Holes
40:43 Bodkin Arrow
42:23 Bracer
43:47 Husbandry
43:56 Scale Barding Armor
44:01 Forging
45:57 Chain Barding Armor
46:39 Iron Casting
47:49 Plate Barding Armor
48:14 Coinage
47:54 Guilds
51:54 Banking
51:25 Caravan
53:11 Blast Furnace
84:08 Guilds
Rank
10:43 Feudal Age
14:47 Castle Age
13:12 Double-Bit Axe
18:49 Loom
20:36 Loom
23:42 Horse Collar
24:13 Bow Saw
24:38 Gold Mining
26:05 Wheelbarrow
26:18 Stone Mining
30:19 Imperial Age
27:52 Scale Mail Armor
28:50 Stone Shaft Mining
28:56 Chain Mail Armor
29:57 Forging
30:26 Capped Ram
31:43 Plate Mail Armor
31:54 Conscription
33:28 Elite Woad Raider
35:53 Iron Casting
37:53 Blast Furnace
38:25 Stronghold
38:34 Fletching
39:10 Bodkin Arrow
40:54 Ballistics
42:54 Chemistry
41:31 Pikeman
42:40 Furor Celtica
42:56 Halberdier
43:50 Onager
52:17 Arson
51:53 Man-at-Arms
52:19 Gambesons
55:02 Siege Ram
58:27 Siege Engineers
72:03 Caravan
71:39 Long Swordsman
72:50 Gambesons
72:49 Two-Handed Swordsman
73:54 Champion
BøM_antihack.exe
10:30 Feudal Age
14:25 Castle Age
12:16 Double-Bit Axe
13:16 Horse Collar
15:06 Scale Barding Armor
16:57 Bow Saw
17:28 Scale Barding Armor
20:07 Light Cavalry
21:29 Forging
26:43 Wheelbarrow
26:48 Stone Mining
27:28 Gold Mining
28:50 Hand Cart
31:57 Imperial Age
30:16 Loom
30:37 Scale Mail Armor
31:12 Iron Casting
32:10 Chain Mail Armor
31:35 Pikeman
32:33 Halberdier
34:15 Blast Furnace
33:52 Conscription
34:05 Squires
34:37 Plate Mail Armor
36:06 Gold Shaft Mining
36:30 Fletching
37:28 Parthian Tactics
37:05 Padded Archer Armor
37:35 Thumb Ring
38:03 Bodkin Arrow
38:50 Coinage
38:54 Leather Archer Armor
38:31 Guard Tower
38:57 Bracer
39:02 Arrowslits
39:39 Ballistics
39:34 Bloodlines
39:24 Husbandry
40:18 Ring Archer Armor
39:11 Elite Skirmisher
41:01 Keep
41:26 Chemistry
41:04 Yasama
41:14 Heavy Cavalry Archer
42:15 Masonry
44:20 Heavy Plow
45:51 Caravan
48:18 Treadmill Crane
48:34 Murder Holes
51:55 Man-at-Arms
52:20 Gambesons
52:21 Arson
55:57 Banking
55:54 Long Swordsman
59:06 Town Watch
64:57 Kataparuto
66:31 Siege Engineers
67:38 Two-Man Saw
68:14 Two-Handed Swordsman
71:34 Champion
Fries
10:02 Feudal Age
11:24 Double-Bit Axe
14:33 Castle Age
12:28 Horse Collar
15:25 Bow Saw
15:17 Heavy Plow
19:12 Wheelbarrow
22:25 Hand Cart
24:59 Gold Mining
26:45 Gold Shaft Mining
29:09 Imperial Age
26:59 Scale Barding Armor
27:31 Bloodlines
27:22 Husbandry
27:58 Forging
27:44 Loom
27:23 Light Cavalry
30:36 Chemistry
29:58 Ballistics
30:26 Chain Barding Armor
30:41 Iron Casting
31:48 Two-Man Saw
30:49 Cavalier
33:15 Plate Barding Armor
34:48 Blast Furnace
34:10 Conscription
37:54 Savar
40:14 Stone Mining
40:03 Hussar
50:40 Caravan
66:52 Town Watch
73:03 Stone Shaft Mining
79:37 Elite Skirmisher
80:12 Fletching
80:23 Padded Archer Armor
SHell | Gr8telle
10:46 Feudal Age
10:51 Feudal Age
12:20 Double-Bit Axe
14:51 Castle Age
13:00 Horse Collar
14:13 Fletching
15:59 Bow Saw
15:50 Heavy Plow
22:09 Bodkin Arrow
23:57 Wheelbarrow
23:08 Loom
25:14 Gold Mining
25:14 Stone Mining
25:10 Town Watch
27:42 Hand Cart
30:15 Imperial Age
28:02 Padded Archer Armor
29:39 Leather Archer Armor
29:54 Ballistics
30:04 Town Patrol
31:52 Gold Shaft Mining
32:18 Two-Man Saw
31:20 Bracer
32:29 Chemistry
32:32 Conscription
33:18 Ring Archer Armor
33:35 Curare
33:57 Elite Blackwood Archer
41:57 Caravan
42:47 Caciques
45:00 Pikeman
45:40 Squires
45:27 Arson
45:04 Champi Runner
45:11 Pikeman
45:25 Capped Ram
46:54 Murder Holes
46:27 Halberdier
47:09 Scale Mail Armor
47:20 Forging
47:13 Champi Warrior
47:43 Siege Ram
49:49 Coinage
49:43 Chain Mail Armor
50:04 Iron Casting
50:13 Elite Champi Warrior
52:18 Plate Mail Armor
52:36 Treadmill Crane
59:00 Elite Skirmisher
70:40 Onager
79:17 Elite Ibirapema Warrior
97:11 Banking
SHell | Denchik_Ne_Lohx
10:51 Feudal Age
14:54 Castle Age
13:07 Double-Bit Axe
13:05 Horse Collar
15:59 Bow Saw
16:00 Fletching
16:14 Gold Mining
24:14 Wheelbarrow
24:12 Loom
24:12 Town Watch
24:43 Heavy Plow
24:46 Bodkin Arrow
25:10 Paiks
26:33 Hand Cart
27:03 Stone Mining
27:48 Gold Shaft Mining
28:17 Ballistics
31:55 Imperial Age
29:49 Padded Archer Armor
30:52 Bloodlines
30:42 Husbandry
31:39 Leather Archer Armor
32:27 Masonry
32:08 Elite Elephant Archer
33:06 Bracer
35:03 Chemistry
34:25 Fortified Wall
38:11 Architecture
37:47 Siege Engineers
39:56 Ring Archer Armor
40:54 Conscription
40:45 Caravan
43:41 Crop Rotation
44:35 Mahayana
45:11 Murder Holes
45:53 Guilds
47:55 Coinage
50:10 Two-Man Saw
49:26 Siege Elephant
51:59 Banking
SHell | ANDÃO
8:50 Feudal Age
9:20 Double-Bit Axe
9:16 Horse Collar
9:42 Gold Mining
10:53 Stone Mining
12:05 Wheelbarrow
17:49 Castle Age
18:25 Forging
17:54 Light Cavalry
19:26 Bow Saw
19:37 Heavy Plow
23:23 Stone Shaft Mining
23:28 Gold Shaft Mining
23:06 Loom
25:16 Hand Cart
26:08 Stone Shaft Mining
26:42 Town Watch
30:23 Imperial Age
28:25 Scale Barding Armor
28:45 Bloodlines
28:36 Husbandry
29:39 Chain Barding Armor
29:56 Iron Casting
30:29 Heavy Hei Guang Cavalry
31:32 Chain Barding Armor
32:12 Blast Furnace
33:13 Town Patrol
33:46 Crop Rotation
34:20 Chemistry
34:26 Conscription
34:13 Tuntian
35:27 Ming Guang Armor
36:03 Treadmill Crane
39:04 Ballistics
41:06 Hoardings
41:55 Padded Archer Armor
41:46 Fletching
41:25 Hussar
43:01 Caravan
47:25 Masonry
49:06 Bodkin Arrow
49:27 Leather Archer Armor
52:05 Bracer
54:35 Ring Archer Armor
56:35 Fortified Wall
63:06 Thumb Ring
63:27 Parthian Tactics
75:00 Devotion
87:43 Coinage
SHell | Mr. NoName
11:18 Feudal Age
11:55 Horse Collar
14:56 Castle Age
13:11 Double-Bit Axe
15:25 Wheelbarrow
15:51 Heavy Plow
16:03 Bow Saw
23:16 Gold Mining
25:32 Stone Mining
28:18 Imperial Age
26:35 Hand Cart
27:01 Stone Shaft Mining
27:03 Gold Shaft Mining
27:26 Scale Mail Armor
27:31 Guard Tower
28:26 Chain Mail Armor
29:02 Masonry
28:29 Onager
29:33 Conscription
30:06 Plate Mail Armor
30:27 Siege Onager
32:09 Siege Engineers
33:18 Forging
34:44 Iron Casting
34:13 Fletching
35:04 Bodkin Arrow
35:33 Ballistics
37:28 Chemistry
37:38 Blast Furnace
38:20 Elite Jomsviking
39:56 Bracer
40:57 Caravan
42:45 Keep
41:55 Arrowslits
42:12 Padded Archer Armor
43:13 Arrowslits
44:03 Murder Holes
45:19 Hoardings
44:18 Northmen's Fury
45:05 Town Watch
48:22 Leather Archer Armor
48:52 Loom
49:08 Town Patrol
58:39 Squires
58:04 Pikeman
64:39 Hamask
64:50 Capped Ram
66:03 Siege Ram
71:17 Coinage
79:53 Ring Archer Armor
Connection lost

Rejoining the realm…

Still unreachable

The connection could not be restored.

Session expired

The server has moved on; the page needs a fresh start.